Map: Ruines d’Endion

Players

zidar

  • Race: Zerg Zerg
  • League: Silver
  • Spawn Location: 7:00

ZooBBQ - Winner!

  • Race: Terran Terran
  • League: Silver
  • Spawn Location: 5:00

VOD

Have the link to the VOD?

Description

Time

  • Played on: May 13, 2016, 9:57 a.m.
  • Length: 15:18
Show
View Real Time Build Order
Export as new Build Order

zidar Zerg 

Build Orders: Hatch First 

Get SALT Encoding   

  12  0:02  Drone  
  13  0:12  Overlord  
  13  0:17  Drone  
  14  0:33  Drone x2  
  14  0:34  Drone  
  17  0:54  Hatchery  
  16  0:57  Drone  
  17  1:14  Spawning Pool  
  17  1:16  Drone  
  17  1:21  Extractor  
  16  1:34  Drone  
  16  1:36  Drone  
  16  1:39  Drone  
  18  1:49  Drone  
  19  1:55  Overlord  
  19  2:00  Queen  
  21  2:06  Queen  
  23  2:08  Drone  
  24  2:16  Drone  
  25  2:23  Extractor  
  25  2:29  Drone  
  25  2:30  Drone  
  25  2:31  Drone  
  25  2:32  Drone  
  27  2:53  Roach Warren  
  24  3:28  Overlord  
  24  3:29  Overlord  
  24  3:31  Lair  
  24  3:33  Drone x5  
  29  3:36  Roach  
  29  3:37  Roach x2  
  35  3:44  Overlord  
  35  4:07  Roach  
  35  4:08  Roach  
  35  4:09  Roach  
  41  4:13  Ravager  
  41  4:15  Ravager  
  43  4:33  Drone x11  
  54  5:02  Drone x2  
  56  5:09  Extractor x2, Drone  
  56  5:10  Drone x3  
  52  5:31  Evolution Chamber  
  52  5:32  Evolution Chamber  
  50  5:39  Zergling x4  
  50  5:40  Zergling x4  
  54  6:01  Hatchery  
  53  6:11  Overseer  
  53  6:13  Drone x2  
  55  6:20  Zerg Melee Weapons Level 1  
  55  6:22  Zerg Ground Armor Level 1, Metabolic Boost  
  55  6:29  Infestation Pit  
  54  6:37  Spine Crawler  
  53  6:43  Queen  
  55  6:50  Baneling Nest  
  46  6:55  Zergling x26  
  46  6:56  Zergling x2  
  46  7:00  Overlord  
  60  7:08  Spore Crawler x2  
  58  7:09  Spore Crawler  
  58  7:11  Spore Crawler  
  58  7:14  Zergling x2  
  58  7:15  Zergling x8  
  61  7:19  Roach x3  
  67  7:24  Queen  
  69  7:53  Zergling x10  
  69  7:57  Overlord x3  
  69  7:58  Overlord  
  74  8:03  Baneling x3  
  74  8:04  Baneling x9  
  70  8:05  Centrifical Hooks  
  69  8:36  Roach x3  
  69  8:37  Roach x3  
  81  8:44  Pneumatized Carapace  
  81  8:50  Queen  
  54  9:21  Zergling x2  
  54  9:22  Zergling x18  
  55  9:32  Zergling x2  
  56  9:42  Baneling x8  
  56  9:50  Zerg Melee Weapons Level 2  
  56  9:51  Zerg Ground Armor Level 2  
  56  10:23  Zergling x12  
  56  10:24  Zergling x10  
  67  10:28  Hatchery  
  66  10:54  Hatchery  
  65  11:15  Zergling x2  
  65  11:16  Zergling x14  
  73  11:19  Baneling x3  
  73  11:45  Drone x7  
  80  11:51  Zergling x4  
  80  11:53  Baneling  
  82  11:54  Baneling  
  82  12:12  Spire  
  74  12:39  Roach  
  74  12:40  Roach x5  
  86  13:00  Drone  
  86  13:01  Drone x4  
  91  13:06  Ravager x2  
  91  13:07  Ravager  
  91  13:09  Ravager  
  95  13:31  Baneling x8  
  95  13:32  Baneling x3  
  95  13:33  Baneling  
  81  14:39  Zergling x24  
Show
View Real Time Build Order
Export as new Build Order

ZooBBQ Terran - Winner!

Build Orders: Mech 

Get SALT Encoding   

  12  0:01  SCV  
  13  0:13  SCV  
  14  0:18  Supply Depot  
  14  0:25  SCV  
  15  0:40  SCV  
  15  0:41  Barracks  
  16  0:46  Refinery  
  16  0:52  SCV  
  17  1:04  SCV  
  18  1:16  SCV  
  19  1:30  Supply Depot  
  20  1:34  Reaper  
  20  1:35  Orbital Command  
  20  1:58  Command Center  
  20  2:02  SCV  
  20  2:06  Reaper  
  22  2:13  Bunker  
  22  2:27  Factory  
  22  2:29  SCV  
  23  2:41  SCV  
  24  2:47  Refinery  
  24  2:49  Supply Depot  
  24  2:51  Supply Depot  
  24  2:55  Barracks Reactor  
  24  2:57  SCV  
  25  3:24  SCV  
  25  3:26  Orbital Command  
  26  3:28  Factory Tech Lab  
  26  3:38  Barracks x2, Starport  
  26  3:42  SCV  
  26  3:45  Marine x2  
  29  3:53  SCV  
  30  3:59  SCV  
  31  4:03  Marine x2  
  31  4:05  SCV  
  34  4:11  SCV  
  34  4:14  Siege Tank  
  38  4:17  Medivac  
  38  4:20  SCV  
  38  4:23  SCV  
  42  4:26  Refinery  
  42  4:27  Barracks Tech Lab x2  
  42  4:28  Refinery  
  42  4:32  Marine, SCV  
  42  4:33  Marine  
  42  4:35  SCV  
  45  4:47  SCV  
  46  4:54  Marine x2  
  46  4:55  Stimpack  
  46  4:59  SCV x2  
  50  5:00  Engineering Bay  
  50  5:06  Engineering Bay  
  50  5:07  Marauder x2  
  54  5:21  Marine x2  
  54  5:22  Siege Tank  
  54  5:28  Marauder  
  61  5:40  Marine  
  62  5:44  Supply Depot  
  62  5:57  Combat Shield  
  62  6:05  Marine, Medivac  
  62  6:06  Marauder, Supply Depot, Siege Tank  
  62  6:07  Terran Infantry Weapons Level 1, Terran Infantry Armor Level 1  
  62  6:08  Supply Depot  
  62  6:09  Supply Depot  
  70  6:18  Supply Depot  
  70  6:27  Marine  
  70  6:28  SCV x2  
  70  6:32  Marine, Supply Depot  
  74  6:33  Marauder x2  
  78  6:40  SCV  
  78  6:46  Marine  
  79  6:54  Marauder  
  79  6:58  Marine  
  79  6:59  Marauder  
  84  7:15  Marine  
  84  7:16  Marauder  
  84  7:20  Marauder  
  89  7:23  SCV  
  89  7:24  SCV  
  91  7:32  Barracks  
  91  7:33  Factory  
  91  7:34  Factory  
  91  7:36  SCV x2  
  93  7:37  Barracks  
  93  7:52  Armory  
  93  7:56  Armory  
  93  8:06  Marine  
  93  8:07  Marine, Marauder  
  93  8:08  Marauder  
  99  8:22  Factory Tech Lab  
  99  8:23  Factory Reactor  
  99  8:25  Siege Tank  
  102  8:34  Barracks Reactor  
  102  8:35  Barracks Reactor  
  102  8:45  Starport  
  102  8:53  Marine x2  
  104  8:55  Refinery  
  104  8:57  Command Center  
  104  9:01  Refinery, Missile Turret  
  81  9:18  Marine x2  
  81  9:19  Marine x2, Marauder x2, Missile Turret  
  81  9:21  Siege Tank  
  81  9:23  Missile Turret  
  91  9:25  Missile Turret, Starport Tech Lab  
  91  9:31  SCV  
  91  9:32  SCV  
  93  9:39  Marine x2  
  93  9:40  Marine x2, Marauder  
  93  9:41  Missile Turret  
  99  9:49  Liberator  
  99  9:55  Starport Reactor  
  99  9:56  Missile Turret  
  99  10:01  Infernal Pre-Igniter  
  102  10:11  Terran Infantry Armor Level 2  
  102  10:16  Planetary Fortress  
  102  10:26  Marine  
  102  10:27  Marine x2  
  102  10:28  Marauder  
  107  10:32  Liberator  
  107  10:35  Medivac x2  
  111  10:42  Supply Depot  
  111  10:43  Supply Depot  
  111  10:44  Supply Depot  
  111  10:45  Marine x2  
  111  10:46  Marauder  
  111  10:48  Concussive Shells  
  118  10:53  Rapid Reignition System  
  118  11:00  Liberator x2  
  118  11:09  SCV x3  
  127  11:21  SCV x2  
  137  11:28  Widow Mine x3  
  137  11:29  Widow Mine  
  137  11:32  SCV  
  138  11:33  SCV  
  138  11:37  Terran Infantry Weapons Level 2  
  138  11:38  Terran Vehicle And Ship Armor Level 1  
  139  11:49  Medivac  
  139  11:50  Marine  
  139  11:51  Marine x2, Marauder  
  139  11:52  Marauder  
  148  12:05  Supply Depot  
  148  12:06  Supply Depot  
  148  12:08  Supply Depot  
  148  12:18  Marine  
  149  12:26  Marine x4, Marauder x2  
  149  12:27  Medivac  
  149  12:28  Siege Tank  
  162  12:33  Marine  
  162  12:35  Siege Tank  
  162  12:36  Marine  
  167  12:48  Marauder x2  
  171  12:52  Marine x2  
  173  13:01  Supply Depot  
  173  13:03  Supply Depot  
  173  13:04  Supply Depot  
  173  13:07  Supply Depot  
  173  13:22  Marine  
  173  13:23  Marauder x2, Siege Tank  
  181  13:56  Liberator x3  
  181  13:57  Command Center  
Tags
 
Composition
Mech
Matchup
TvZ
Spawn Locations
Close Positions
Add a new tag
Caveats
  • Supply blocks, unpowered buildings, or Contaminate may cause inaccurate times.
  • Supply counts are checked every 10 seconds.